 Dungeon Crawl Stone Soup version 0.27.0-1-g7a089689b8 (webtiles) character file.

Game seed: 13416345572330809373

1283 Leibowitz the Cleaver (level 8, 0/70 HPs)
             Began as a Minotaur Fighter on Aug 11, 2021.
             Was a Follower of Okawaru.
             Slain by a manticore (4 damage)
             ... on level 6 of the Dungeon.
             The game lasted 00:07:36 (4708 turns).

Leibowitz the Cleaver (Minotaur Fighter)            Turns: 4708, Time: 00:07:37

Health: 0/70       AC: 14    Str: 23    XL:     8   Next: 29%
Magic:  7/7        EV:  7    Int:  5    God:    Okawaru [*.....]
Gold:   265        SH:  5    Dex: 10    Spells: 7/7 levels left

rFire    . . .     SeeInvis .   a - +0 war axe
rCold    + + .     Faith    .   (no shield)
rNeg     . . .     Spirit   .   f - +0 plate armour
rPois    .         Reflect  +   (helmet restricted)
rElec    .         Harm     .   (no cloak)
rCorr    .         Rampage  .   (no gloves)
Will     .....                  i - +0 pair of boots
Stlth    ..........             z - amulet of reflection
HPRegen  0.21/turn              m - ring of protection from cold
MPRegen  0.10/turn              n - ring of protection from cold

@: brilliant, spiked
A: horns 2, retaliatory headbutt
a: Renounce Religion, Heroism


You were on level 6 of the Dungeon.
You worshipped Okawaru.
Okawaru was aware of your devotion.
You visited 2 branches of the dungeon, and saw 7 of its levels.

You collected 265 gold pieces.

Inventory:

Hand Weapons
 a - a +0 war axe (weapon)
 w - a +0 spear of venom
Missiles
 t - 15 poisoned darts (quivered)
 x - 2 curare-tipped darts
Armour
 f - a +0 plate armour (worn)
 i - a +0 pair of boots (worn)
Jewellery
 b - a +6 ring of intelligence
 m - a ring of protection from cold (left hand)
 n - a ring of protection from cold (right hand)
 v - a ring of flight
 z - an amulet of reflection (around neck)
 C - a ring of positive energy
Wands
 p - a wand of mindburst (12)
 q - a wand of iceblast (10)
 u - a wand of flame (25)
 A - a wand of charming (2)
Scrolls
 e - 5 scrolls of identify {unknown}
 g - a scroll of silence {unknown}
 h - 2 scrolls of enchant weapon {unknown}
 j - 3 scrolls of acquirement {unknown}
 k - a scroll of blinking {unknown}
 s - a scroll of vulnerability {unknown}
 y - a scroll of brand weapon {unknown}
 B - a scroll of fear {unknown}
Potions
 d - a potion of might
 l - a potion of heal wounds {unknown}
 o - a potion of curing {unknown}
 r - a potion of lignification {unknown}


   Skills:
 * Level 6.0 Fighting
 * Level 8.4 Axes
 + Level 0.8 Throwing
 * Level 7.1 Armour
 * Level 3.4 Dodging
 - Level 3.6 Shields


You had 7 spell levels left.
You didn't know any spells.
Your spell library contained the following spells:

 Spells                   Type           Power      Damage    Failure   Level
 Animate Skeleton         Necr           0%         N/A       100%        1
 Apportation              Tloc           0%         N/A       100%        1
 Corona                   Hex            0%         N/A       100%        1
 Summon Small Mammal      Summ           0%         N/A       100%        1
 Sublimation of Blood     Necr           0%         N/A       100%        2
 Wereblood                Tmut           0%         N/A       100%        2
 Summon Hydra             Summ           0%         N/A       100%        7


Dungeon Overview and Level Annotations

Branches:
Dungeon (7/15)             Temple (1/1) D:4

Altars:
Cheibriados
Gozag
Hepliaklqana
Makhleb
Okawaru
Qazlal
Ru
Sif Muna
Vehumet
Wu Jian
Xom
Zin

Shops:
D:1 [


Innate Abilities, Weirdness & Mutations

You have a pair of horns on your head.
You reflexively headbutt those who attack you in melee.


Message History

Your Fighting skill increases to level 6!
You see here an iguana corpse.
Found a scale mail.
You see here a +0 scale mail.
Found a stone staircase leading up.
C - a ring of positive energy
Found 9 bolts.
A manticore comes into view.
The manticore flicks its tail.
The volley of spikes hits you but does no damage.
Found an escape hatch in the floor.
The manticore flicks its tail.
The volley of spikes hits you!
The barbed spikes become lodged in your body.
The barbs in your skin will harm you if you move.
Continue? [Y]es or [N]o only, please.
The barbs in your skin will harm you if you move.
Continue?
Okay, then.
You carefully extract the barbed spikes from your body.
The manticore flicks its tail.
The volley of spikes hits you.
The barbed spikes become lodged in your body.
The manticore flicks its tail.
The volley of spikes hits you!!
The barbed spikes become lodged in your body.
The manticore flicks its tail.
The volley of spikes hits you!
The barbed spikes become lodged in your body.
The manticore flicks its tail.
The volley of spikes hits you.
The barbed spikes become lodged in your body.
The manticore bites you!
* * * LOW HITPOINT WARNING * * *
The manticore claws you!
* * * LOW HITPOINT WARNING * * *
The manticore completely misses you.
It was a potion of brilliance.
You feel clever all of a sudden. The manticore bites you.
You die...

#.# #.... ..# #.#
##### ###.##### #.#
.... ..# #.#
##.#.###.#
##.#######
......#.###<........
#
#.#.#..........#####
.##.#.#H###.###...##
.......@###.# ##.##
###.........# #.#
####.###### #.# #.
#+# #. #. #. .. .>


You could see a manticore.

Vanquished Creatures
  Maggie (D:6)
  A water moccasin (D:6)
  A black bear (D:4)
  An ogre (D:7)
  A centaur (D:4)
  A bullfrog (D:6)
  A scorpion (D:6)
  A wyvern skeleton (D:7)
  4 wights
  A jelly (D:7)
  A bullfrog skeleton (D:6)
  A hound (D:6)
  A gnoll shaman (D:4)
  An orc priest (D:4)
  An iguana (D:6)
  Terence (D:3)
  Ijyb (D:3)
  4 adders
  A white imp (D:7)
  An adder skeleton (D:4)
  2 worms (D:2)
  A dart slug (D:2)
  4 orcs
  4 ball pythons
  3 endoplasms
  3 giant cockroaches
  5 hobgoblins
  10 jackals
  4 kobolds
  A quokka (D:3)
  7 frilled lizards (D:3)
  5 goblins
  3 rats
  A spectral goblin (D:4)
79 creatures vanquished.

Vanquished Creatures (others)
  6 plants (D:3)
6 creatures vanquished.

Grand Total: 85 creatures vanquished

Notes
Turn   | Place    | Note
-------+----------+-------------------------------------------
     0 | D:1      | Leibowitz the Minotaur Fighter began the quest for the Orb.
     0 | D:1      | Reached XP level 1. HP: 19/19 MP: 0/0
   273 | D:1      | Found Boebov's Armour Shop.
   333 | D:1      | Reached XP level 2. HP: 19/27 MP: 1/1
   587 | D:1      | Found a faded altar of an unknown god.
  1219 | D:2      | Found a sacrificial altar of Ru.
  1228 | D:2      | Reached skill level 1 in Dodging
  1248 | D:2      | Reached skill level 3 in Axes
  1248 | D:2      | Reached XP level 3. HP: 21/33 MP: 2/2
  1527 | D:2      | Found a glowing silver altar of Zin.
  1717 | D:2      | Reached XP level 4. HP: 34/41 MP: 3/3
  2220 | D:3      | Reached skill level 4 in Axes
  2220 | D:3      | Reached skill level 5 in Armour
  2220 | D:3      | Reached XP level 5. HP: 13/47 MP: 4/4
  2244 | D:3      | HP: 1/47 [wight (6)]
  2649 | D:3      | Noticed Terence
  2658 | D:3      | Killed Terence
  2748 | D:3      | Reached XP level 6. HP: 51/55 MP: 5/5
  2880 | D:3      | Reached skill level 5 in Axes
  2894 | D:3      | Noticed Ijyb
  2900 | D:3      | Killed Ijyb
  3238 | D:4      | Reached skill level 5 in Fighting
  3257 | D:4      | Reached XP level 7. HP: 32/61 MP: 6/6
  3414 | D:4      | Found a staircase to the Ecumenical Temple.
  3421 | Temple   | Entered the Ecumenical Temple
  3425 | Temple   | Became a worshipper of Warmaster Okawaru
  3495 | D:4      | Reached skill level 6 in Axes
  3686 | D:4      | Found a hazy altar of Hepliaklqana.
  3781 | D:4      | You fall into a shaft and drop 3 floors!
  3910 | D:7      | Found a radiant altar of Vehumet.
  4027 | D:6      | Noticed Maggie
  4040 | D:6      | Killed Maggie
  4040 | D:6      | Reached * piety under Okawaru
  4041 | D:6      | Reached skill level 7 in Axes
  4174 | D:6      | Reached XP level 8. HP: 65/70 MP: 7/7
  4396 | D:6      | Reached skill level 8 in Axes
  4697 | D:6      | Noticed a manticore
  4708 | D:6      | Slain by a manticore

Illustrated notes

Levels and vault maps discovered:
D:1:      kilobyte_arrival_exit_the_forest, layout_loops_cross, serial_shops,
          shop_fountains, shapermc_ecumenical_altar_venn
D:2:      layout_loops_cross, basic_altar, kennysheep_flooded_box
D:3:      layout_basic, minmay_lizard_king, uniq_ijyb, uniq_terence
D:4:      layout_loops_corners, nicolae_hepliaklqana_monster_ancestors,
          temple_fountains, minmay_manual_mess
D:6:      layout_loops_corners, uniq_maggie
D:7:      layout_rooms, vehumet_crystals, uniq_harold
Temple:   nicolae_temple_x_marks_the_god

Skill      XL: |  1  2  3  4  5  6  7  8 |
---------------+-------------------------+-----
Fighting       | 4 5 6 |  6.0
Armour         | 4 5 6 7 |  7.1
Dodging        | 1 2 3 |  3.4
Axes           | 3 4 5 7 8 |  8.4
Throwing       | |  0.8
Shields        | |  3.6

Action                   |  1- 3 |  4- 6 |  7- 9 || total
-------------------------+-------+-------+-------++-------
Melee: War axe           |    68 |    75 |    58 ||   201
       Headbutt          |     8 |    12 |    16 ||    36
Throw: Dart              |       |       |     9 ||     9
  Use: Potion            |       |       |     1 ||     1
Armor: Plate armour      |    52 |    77 |    29 ||   158
       Scale mail        |     2 |       |       ||     2
Dodge: Dodged            |    34 |    33 |    22 ||    89
Block: Other             |       |       |     4 ||     4
